 Dungeon Crawl Stone Soup version 0.24-a0-639-gb70a11d811 (webtiles) character file.

Game seed: 15358104107027541653, levelgen mode: deterministic

8383 Peloso the Carver (level 11, -2/95 HPs)
             Began as a Minotaur Fighter on Sept 22, 2019.
             Was an Initiate of Gozag.
             Killed from afar by an electric eel (13 damage)
             ... with a bolt of electricity
             ... on level 10 of the Dungeon.
             The game lasted 00:23:50 (9785 turns).

Peloso the Carver (Minotaur Fighter)                Turns: 9785, Time: 00:23:51

Health: -2/95      AC: 19    Str: 22    XL:     11   Next: 9%
Magic:  10/10      EV:  7    Int:  5    God:    Gozag
Gold:   2001       SH: 12    Dex: 12    Spells: 10/10 levels left

rFire    . . .     SeeInvis .   a - +1 long sword
rCold    . . .     Gourm    .   c - +0 shield
rNeg     . . .     Faith    .   E - +0 plate armour
rPois    .         Spirit   .   (helmet restricted)
rElec    .         Reflect  .   n - +1 cloak {MR+}
rCorr    .         Harm     .   u - +2 pair of gloves
MR       +....                  (no boots)
Stlth    ..........             (no amulet)
HPRegen  0.25/turn              (no ring)
MPRegen  0.12/turn              (no ring)

@: gold aura
A: retaliatory headbutt, horns 2
a: Potion Petition, Call Merchant, Bribe Branch, Renounce Religion


You were on level 10 of the Dungeon.
You worshipped Gozag.
Gozag was most pleased with you.
You were not hungry.

You visited 2 branches of the dungeon, and saw 11 of its levels.
You also visited: Sewer.

You collected 2063 gold pieces.
You paid 62 gold pieces to Gozag.

Inventory:

Hand Weapons
 a - a +1 long sword (weapon)
 J - the +8 whip of the Hidden Vale {venom, *Corrode +Fly rC+ rN++}
   (You found it on level 9 of the Dungeon)

   It poisons the flesh of those it strikes.
   It protects you from cold.
   It greatly protects you from negative energy.
   It lets you fly.
   It may corrode you when you take damage.
Missiles
 v - 46 bolts
Armour
 b - a +0 scale mail
 c - a +0 shield (worn)
 l - a +0 chain mail
 n - a +1 cloak of magic resistance (worn)
 s - a +2 cloak
 u - a +2 pair of gloves (worn)
 E - a +0 plate armour (worn)
Jewellery
 e - an uncursed ring of flight
 F - the amulet of the Air {Inacc +Fly rElec EV+5 RMsl}
   (You found it on level 8 of the Dungeon)

   [amulet of inaccuracy]

   It reduces the accuracy of all your attacks.
   It affects your evasion (+5).
   It insulates you from electricity.
   It lets you fly.
   It protects you from missiles.
Wands
 o - a wand of iceblast (9)
 y - a wand of polymorph (6)
 G - a wand of paralysis (7)
 H - a wand of acid (3)
 L - a wand of random effects (10)
Scrolls
 g - 6 scrolls of remove curse
 k - 6 scrolls of enchant armour
 m - 2 scrolls of enchant weapon
 p - 2 scrolls of fog
 r - 4 scrolls of teleportation
 B - 3 scrolls of noise
 C - a scroll of torment {unknown}
 D - a scroll of holy word {unknown}
Potions
 d - a potion of might
 h - 6 potions of heal wounds
 i - 4 potions of curing
 j - 2 potions of cancellation
 q - a potion of haste
 t - 4 potions of flight {unknown}
 w - 3 potions of brilliance
 z - a potion of invisibility
Miscellaneous
 K - a crystal ball of energy
Comestibles
 f - 14 rations


   Skills:
 + Level 8.8 Fighting
 + Level 12.0 Long Blades
 + Level 9.1 Armour
 + Level 3.0 Dodging
 + Level 1.6 Stealth
 + Level 11.7 Shields
 + Level 0.6 Evocations


You had 10 spell levels left.
You didn't know any spells.
Your spell library contained the following spells:

 Spells                   Type           Power        Failure   Level  Hunger
 Animate Skeleton         Necr           N/A          100%        1    ##.....
 Apportation              Tloc           #.....       100%        1    ##.....
 Confusing Touch          Hex            #.....       100%        1    ##.....
 Flame Tongue             Conj/Fire      #....        100%        1    ##.....
 Magic Dart               Conj           #...         100%        1    ##.....
 Summon Small Mammal      Summ           #...         100%        1    ##.....
 Blink                    Tloc           N/A          100%        2    ###....
 Call Imp                 Summ           #.......     100%        2    ###....
 Slow                     Hex            #.......     100%        2    ###....
 Throw Flame              Conj/Fire      #.....       100%        2    ###....
 Conjure Flame            Conj/Fire      #.......     100%        3    ####...
 Inner Flame              Hex/Fire       #.......     100%        3    ####...
 Mephitic Cloud           Conj/Pois/Air  #.......     100%        3    ####...
 Sticky Flame             Conj/Fire      #.......     100%        4    #####..
 Fireball                 Conj/Fire      #.........   100%        5    ######.


Dungeon Overview and Level Annotations

Branches:
Dungeon (10/15)            Temple (1/1) D:4            Lair (0/6) D:10
  Sewer (visited)
    Orc: D:9-12

Altars:
Cheibriados
Dithmenos
Fedhas
Gozag
Makhleb
Ru
Sif Muna
Uskayaw
Vehumet
Xom
Yredelemnul
Zin

Annotations:
D:6 2 transporters, Swippen's ghost, novice GnFi
D:7 3 runed translucent doors, glosham's ghost, novice KoAK


Innate Abilities, Weirdness & Mutations

You reflexively headbutt those who attack you in melee.
You have a pair of horns on your head.


Message History

The bolt of electricity hits the electric eel.
The electric eel completely resists.
You slash the electric eel!
The electric eel is almost dead.
The wolf becomes distracted by the nearby gold, dreaming of imaginary riches.
The electric eel shoots out a bolt of lightning at you!
The bolt of electricity hits you.
* * * LOW HITPOINT WARNING * * *
The bolt of electricity hits you but does no damage.
The bolt of electricity hits the electric eel.
The electric eel completely resists.
The wolf howls!
Your shield and plate armour prevent you from hitting the electric eel.
The electric eel is almost dead.
The electric eel shoots out a bolt of lightning at you!
The bolt of electricity hits you.
* * * LOW HITPOINT WARNING * * *
The bolt of electricity hits you!
You die...
Your body crumbles into a pile of gold.

#..≈.≈≈≈≈≈.≈.≈
#....≈≈≈≈≈≈≈≈≈
#.≈≈≈≈≈≈≈≈≈≈≈≈
#.≈≈≈≈≈.≈.≈.≈
#.≈≈≈≈h≈....
#.≈≈≈≈≈≈.>.≈
#.≈≈≈≈≈≈....
#.≈≈≈≈≈≈...
#.@;≈≈≈h≈.
#...h≈≈≈!.
#...h≈.≈≈.
#..≈..≈≈≈.
#....≈≈≈≈.
#..≈≈.≈≈≈.
#...≈≈≈≈≈.
#...≈..≈≈.


You could see 2 wolves, 2 hounds and an electric eel.

Vanquished Creatures
  A two-headed ogre (D:9)
  A manticore (D:9)
  A cyclops (D:10)
  Grinder (D:5)
  2 trolls
  A slime creature (D:8)
  3 hippogriffs
  4 yaks (D:10)
  2 acid dragons
  A water moccasin (D:8)
  7 sky beasts
  2 ice beasts
  2 orc warriors
  2 wolves (D:10)
  2 ogres
  2 phantoms (D:6)
  4 centaurs
  3 big kobolds
  A gnoll sergeant (D:9)
  6 bullfrogs
  A scorpion (D:3)
  8 killer bees
  4 howler monkeys
  An electric eel (D:10)
  A lava snake (D:7)
  4 crimson imps
  2 quasits
  2 jellies (D:8)
  A bullfrog zombie (D:7)
  2 hounds (D:10)
  Crazy Yiuf (D:3)
  A bullfrog skeleton (D:7)
  4 orc priests
  3 centaur skeletons
  2 centaur zombies
  7 orc wizards
  Ijyb (D:3)
  2 iguanas (D:7)
  12 worker ants
  A hound skeleton (D:4)
  A howler monkey zombie (D:7)
  3 worker ant zombies
  7 gnolls
  11 adders
  A howler monkey skeleton (D:4)
  10 shadow imps
  3 ufetubi (Sewer)
  3 adder skeletons
  An adder zombie (D:7)
  5 worms
  2 dart slugs (D:1)
  8 leopard geckos
  20 orcs
  6 bats
  2 bat zombies (Sewer)
  11 giant cockroaches
  7 goblins
  8 hobgoblins
  10 jackals
  5 quokkas
  A ball python (Sewer)
  4 frilled lizards
  31 kobolds
  A kobold zombie (Sewer)
  6 rats
  2 fungi (D:3)
277 creatures vanquished.

Vanquished Creatures (others)
  An ooze (Sewer)
  A giant cockroach zombie (Sewer)
2 creatures vanquished.

Grand Total: 279 creatures vanquished

Notes
Turn   | Place    | Note
-------+----------+-------------------------------------------
     0 | D:1      | Peloso the Minotaur Fighter began the quest for the Orb.
     0 | D:1      | Reached XP level 1. HP: 19/19 MP: 0/0
   164 | D:1      | Reached XP level 2. HP: 27/27 MP: 1/1
   824 | D:2      | Reached XP level 3. HP: 24/33 MP: 2/2
  1068 | D:2      | Reached skill level 3 in Long Blades
  1365 | D:3      | Noticed Ijyb
  1366 | D:3      | Noticed a scorpion
  1376 | D:3      | Killed Ijyb
  1376 | D:3      | Reached skill level 1 in Stealth
  1376 | D:3      | Reached XP level 4. HP: 12/40 MP: 3/3
  1791 | D:3      | Reached skill level 4 in Long Blades
  1791 | D:3      | Reached XP level 5. HP: 28/47 MP: 4/4
  2026 | D:3      | Noticed a sky beast
  2055 | D:3      | Killed a sky beast
  2055 | D:3      | Reached XP level 6. HP: 44/53 MP: 5/5
  2165 | D:3      | Reached skill level 5 in Long Blades
  2617 | D:3      | Found a runed translucent door.
  2618 | D:3      | Noticed Crazy Yiuf
  2625 | D:3      | Killed Crazy Yiuf
  2625 | D:3      | Reached skill level 5 in Shields
  2706 | D:4      | Found a staircase to the Ecumenical Temple.
  2720 | D:4      | Reached skill level 1 in Dodging
  2748 | Temple   | Entered the Ecumenical Temple
  2769 | Temple   | Became a worshipper of Gozag Ym Sagoz the Greedy
  2875 | D:4      | Reached skill level 5 in Armour
  2965 | D:4      | Found a shimmering altar of Xom.
  3265 | D:5      | Entered Level 5 of the Dungeon
  3272 | D:5      | Found a shimmering blue altar of Sif Muna.
  3291 | D:5      | Found a snail-covered altar of Cheibriados.
  3352 | D:5      | Reached XP level 7. HP: 60/60 MP: 6/6
  3404 | D:5      | Reached skill level 5 in Fighting
  3469 | D:5      | Found a shadowy altar of Dithmenos.
  3469 | D:5      | Noticed Grinder
  3487 | D:5      | Paralysed by Grinder for 6 turns
  3495 | D:5      | Killed Grinder
  3495 | D:5      | Reached skill level 6 in Long Blades
  3857 | D:5      | Found a glowing drain.
  3866 | Sewer    | Entered a sewer
  4131 | Sewer    | Found a burning altar of Makhleb.
  4181 | Sewer    | Reached XP level 8. HP: 60/69 MP: 7/7
  4649 | D:5      | Reached skill level 7 in Long Blades
  4882 | D:6      | Found a hide-covered altar of Uskayaw.
  4963 | D:6      | Found a transporter.
  4964 | D:6      | Noticed Swippen's ghost (novice GnFi)
  4991 | D:6      | Found a transporter.
  5617 | D:7      | Noticed glosham's ghost (novice KoAK)
  5619 | D:7      | Noticed a tengu warrior
  5702 | D:6      | Reached skill level 8 in Long Blades
  5841 | D:7      | Found a runed translucent gate.
  5841 | D:7      | Found a runed translucent gate.
  5841 | D:7      | Found a runed translucent gate.
  5980 | D:7      | Reached XP level 9. HP: 67/75 MP: 8/8
  6447 | D:7      | Reached skill level 9 in Long Blades
  7043 | D:8      | Found a glowing silver altar of Zin.
  7072 | D:8      | Reached skill level 10 in Long Blades
  7080 | D:8      | Reached skill level 10 in Shields
  7209 | D:8      | Reached XP level 10. HP: 67/86 MP: 9/9
  7227 | D:8      | Found the amulet of the Air {Inacc +Fly rElec EV+5 RMsl}
  8025 | D:9      | Got a crude whip
  8046 | D:9      | Identified the +8 whip of the Hidden Vale {venom, *Corrode
                  | +Fly rC+ rN++} (You found it on level 9 of the Dungeon)
  8168 | D:9      | Noticed a two-headed ogre
  8175 | D:9      | Killed a two-headed ogre
  8175 | D:9      | Reached skill level 11 in Long Blades
  8201 | D:9      | Found a snail-covered altar of Cheibriados.
  8559 | D:9      | Noticed a manticore
  8845 | D:9      | Killed a manticore
  9518 | D:10     | Entered Level 10 of the Dungeon
  9524 | D:10     | Noticed a cyclops
  9549 | D:10     | Killed a cyclops
  9641 | D:10     | Reached XP level 11. HP: 87/95 MP: 10/10
  9697 | D:10     | Found a staircase to the Lair.
  9723 | D:10     | Reached skill level 12 in Long Blades
  9785 | D:10     | Killed from afar by an electric eel

Levels and vault maps discovered:
D:1:      dpeg_arrival_shelter, layout_basic, serial_rivers,
          chequers_serial_rivers_small_a, chequers_serial_rivers_small_3,
          chequers_serial_rivers_micro_e, chequers_serial_rivers_micro_b,
          chequers_serial_rivers_micro_e, skrybe_limestone_x,
          roderic_roman_lattice
D:2:      layout_loops_ring
D:3:      layout_loops_cross, first_ration, uniq_ijyb, uniq_crazy_yiuf_cottage
D:4:      layout_cave_pools, nicolae_overflow_crystal_walls,
          minmay_temple_entry_ruins, chequers_serial_rivers_micro_b
D:5:      layout_loops_corners, overflow_temple_1_default, lemuel_crystal_altar,
          cheibriados_altar_1, portal_sewer_entry_f, uniq_grinder
D:6:      layout_basic, overflow_temple_1_default, gammafunk_ghost_stat_death
D:7:      layout_cave_pools, gammafunk_ghost_split, grunt_ogre_cave,
          kennysheep_small_spiral
D:8:      layout_cave_pools, old_standard_altar, minmay_radiant
D:9:      layout_basic, basic_altar, minmay_diamond_spiral
D:10:     layout_basic, erik_lair_island, special_room [special_room_orc]
Temple:   regret_index_temple_sphere_string

Skill      XL: |  1  2  3  4  5  6  7  8  9 10 11 |
---------------+----------------------------------+-----
Armour         | 4 5 6 7 9 |  9.1
Fighting       | 4 5 6 7 8 |  8.8
Long Blades    | 3 4 5 6 8 10 11 12 | 12.0
Stealth        | 1 |  1.6
Shields        | 4 5 7 8 10 11 | 11.7
Dodging        | 1 2 3 |  3.0
Evocations     | |  0.6

Action                   |  1- 3 |  4- 6 |  7- 9 | 10-12 || total
-------------------------+-------+-------+-------+-------++-------
Melee: Long sword        |    88 |   190 |   394 |   257 ||   929
       Headbutt          |    12 |    32 |    92 |    61 ||   197
Evoke: Wand              |       |       |     4 |     3 ||     7
  Use: Scroll            |     4 |     4 |       |     4 ||    12
       Potion            |     3 |       |       |     1 ||     4
 Stab: Distracted        |       |       |       |     3 ||     3
  Eat: Chunk             |     1 |     6 |       |       ||     7
       Ration            |       |       |     4 |     3 ||     7
Armor: Scale mail        |    41 |       |       |       ||    41
       Chain mail        |     7 |    92 |   272 |       ||   371
       Plate armour      |       |       |    36 |   138 ||   174
Dodge: Dodged            |    30 |    34 |   132 |    70 ||   266
Block: Shield            |    40 |   100 |   317 |   168 ||   625
       Rpst.: Long sword |     5 |    11 |    26 |    19 ||    61

Table legend:
 A = Non-vault XP
 B = Vault XP
 C = Vault XP percentage of total XP
 D = Non-vault monster count
 E = Vault monster count
 F = Vault count percentage of total count
                 A         B        C        D         E       F
            +---------+---------+-------+---------+---------+-------
      Total |    9306 |    2671 |  22.3 |     223 |      52 |  18.9
            +---------+---------+-------+---------+---------+-------
        D:1 |      22 |       0 |   0.0 |      10 |       0 |   0.0
        D:2 |      65 |       0 |   0.0 |      30 |       0 |   0.0
        D:3 |     313 |      78 |  19.9 |      24 |       2 |   7.7
        D:4 |     202 |       0 |   0.0 |      15 |       0 |   0.0
        D:5 |     394 |     300 |  43.2 |      15 |       7 |  31.8
        D:6 |     824 |       0 |   0.0 |      20 |       0 |   0.0
        D:7 |    1113 |     125 |  10.1 |      22 |       1 |   4.3
        D:8 |    1812 |     469 |  20.6 |      40 |       3 |   7.0
        D:9 |    2643 |     741 |  21.9 |      33 |       3 |   8.3
       D:10 |    1918 |     611 |  24.2 |      14 |       5 |  26.3
      Sewer |       0 |     347 | 100.0 |       0 |      31 | 100.0
            +---------+---------+-------+---------+---------+-------
